 Dungeon Crawl Stone Soup version 0.15.2 (webtiles) character file.

360 MordorOrchid the Ducker (level 6, -3/30 HPs)
             Began as a Spriggan Wanderer on Dec 20, 2020.
             Splashed by an oklob sapling's acid (25 damage)
             ... on Level 4 of the Dungeon.
             The game lasted 00:35:29 (6770 turns).

MordorOrchid the Ducker (Spriggan Wanderer)         Turns: 6770, Time: 00:35:29

HP  -3/30        AC  2     Str 13      XL: 6   Next: 38%
MP  14/14        EV 28     Int 18      God:
Gold 44          SH  6     Dex 23      Spells:  1 memorised,  6 levels left

rFire  . . .     SeeInvis +     m - +0 short sword (curse)
rCold  . . .     Clarity  .     c - +0 robe
rNeg   . . .     rCorr    .     H - +0 buckler
rPois  .         rRot     .     (helmet restricted)
rElec  .         Spirit   .     (no cloak)
SustAb .         Warding  .     (gloves unavailable)
rMut   .         Stasis   .     (boots unavailable)
Gourm  .                        (no amulet)
MR     +....                    B - cursed ring of teleport control
                                v - +1 ring of evasion

@: mighty, brilliant, agile, very quick, somewhat resistant to hostile
enchantments, quite stealthy
A: unfitting armour, see invisible, herbivore 3, speed 3, slow metabolism 2
a: Evoke Teleport Control


You were on level 4 of the Dungeon.
You were not hungry.

You visited 1 branch of the dungeon, and saw 4 of its levels.

You collected 198 gold pieces.
You spent 154 gold pieces at shops.

Inventory:

Hand weapons
 d - a +0 dagger
 j - a +0 hunting sling
 m - a cursed +0 short sword (weapon)
 F - a +0 dagger of holy wrath
 G - a +4 short sword
Missiles
 g - 66 stones (quivered)
 i - 14 bolts
 l - 4 sling bullets
 u - a throwing net
 y - 42 arrows
 z - 3 tomahawks
 I - 11 arrows of dispersal
Armour
 c - a +0 robe (worn)
 H - a +0 buckler (worn)
Magical devices
 a - a wand of confusion (6)
Comestibles
 h - 4 bread rations
Scrolls
 b - 2 scrolls of teleportation
 k - a scroll of fear
 o - 2 scrolls of blinking
 p - 2 scrolls of magic mapping
 r - 2 scrolls of amnesia
 t - a scroll of recharging
 C - 2 scrolls of noise
Jewellery
 v - a +1 ring of evasion (left hand)
 w - an uncursed ring of flight
 B - a cursed ring of teleport control (right hand)
Potions
 e - 2 potions of porridge
 n - 2 potions of heal wounds
 s - a potion of magic
 A - 2 potions of curing
 D - a potion of mutation
 E - a potion of brilliance


   Skills:
 * Level 1.9 Fighting
 * Level 3.2 Short Blades
   Level 1.0 Staves
 * Level 0.9 Throwing
 + Level 5.7 Dodging
 * Level 4.9 Stealth
 * Level 0.4 Shields
 - Level 1.3 Spellcasting
 - Level 5.3 Transmutations
 - Level 2.6 Evocations


You had 6 spell levels left.
You knew the following spells:

 Your Spells              Type           Power        Failure   Level  Hunger
a - Beastly Appendage     Trmt           ####..       1%          1    ##.....


Dungeon Overview and Level Annotations

Branches:
Dungeon (4/15)             Temple (0/1) D:4

Altars:
Elyvilon
Nemelex Xobeh

Shops:
D:4 !

Annotations:
D:3 MordorOrchid's ghost, average SpBe
D:4 exclusion: oklob sapling, peterlawrence's ghost, average MiFi


Innate Abilities, Weirdness & Mutations

You are tiny and cannot use many weapons and most armour.
You have supernaturally acute eyesight.
You are a herbivore.
You cover ground extremely quickly.
You need consume almost no food.


Message History

The worm bites the plant.
You hit the plant but do no damage.
The plant is severely damaged.
The worm bites the plant but does no damage.
You puncture the plant!
The plant is almost destroyed.
You slash the plant!
You destroy the plant!
The worm bites the plant but does no damage.
You hit the oklob sapling.
The oklob sapling is lightly damaged.
The worm bites the plant.
You puncture the oklob sapling!
The oklob sapling is severely damaged.
You hit the oklob sapling but do no damage.
The oklob sapling is severely damaged.
The oklob sapling spits acid at you. The splash of acid hits you!
The acid burns!
Ouch! That really hurt!
You die...

##.....+....'....'....
#...
##.##..#....###.##.##.
#...
+..###'#...#######.##+
#...
#..+...'...+..P..P.P.
#...
#..##.##...#+..PPPP.#+#.
####
##.##.####....PP..Pw....
#
##..#..%.+....P(>PPP....
#
....'.##.#...PPPPP.P.....
#
##.##.##+#.....P@PP......
#
##.##'##.#....P.PP.......
#
#........###'#######...#
### ##............# ..#
##.# .#.##'#####.########
# #..#
.'.##.#####'##.....#
#####.'
.#..'..............#
#..##.#
##.##.###.######...####
#..##%#
...##.###.########....#
##.##'#


You could see a worm and an oklob sapling.

Vanquished Creatures
  A phantom (D:4)
  2 orc wizards
  5 gnolls
  6 adders
  A worm (D:3)
  2 giant geckos
  12 orcs
  8 bats
  5 giant cockroaches
  13 goblins
  11 hobgoblins
  5 jackals
  12 kobolds
  4 quokkas (D:3)
  2 ball pythons
  4 giant newts
  A kobold skeleton (D:4)
  4 rats
  A plant (D:4)
99 creatures vanquished.

Notes
Turn   | Place    | Note
--------------------------------------------------------------
     0 | D:1      | MordorOrchid, the Spriggan Wanderer, began the quest for the Orb.
     0 | D:1      | Reached XP level 1. HP: 10/10 MP: 3/3
   335 | D:1      | Reached skill level 1 in Dodging
   667 | D:1      | Reached skill level 1 in Stealth
   836 | D:1      | Reached XP level 2. HP: 7/14 MP: 5/5
  1302 | D:1      | Reached skill level 1 in Short Blades
  2255 | D:2      | Reached XP level 3. HP: 18/18 MP: 7/7
  2914 | D:2      | Reached XP level 4. HP: 19/22 MP: 10/10
  3587 | D:3      | Found a white marble altar of Elyvilon.
  3588 | D:3      | Found a sparkling altar of Nemelex Xobeh.
  3805 | D:3      | Noticed MordorOrchid's ghost (average SpBe)
  4450 | D:3      | Reached XP level 5. HP: 14/25 MP: 12/12
  4547 | D:3      | Reached skill level 5 in Dodging
  4899 | D:4      | Found Esoan's Distillery.
  4907 | D:4      | Bought a potion of might for 35 gold pieces
  4907 | D:4      | Bought a potion of curing for 28 gold pieces
  4907 | D:4      | Bought a potion of confusion for 14 gold pieces
  4907 | D:4      | Bought a potion of degeneration for 28 gold pieces
  4907 | D:4      | Bought a potion of mutation for 35 gold pieces
  4907 | D:4      | Bought a potion of porridge for 14 gold pieces
  5284 | D:4      | Found a staircase to the Ecumenical Temple.
  5351 | D:4      | Noticed peterlawrence's ghost (average MiFi)
  6676 | D:4      | Noticed a phantom
  6693 | D:4      | Reached XP level 6. HP: 28/30 MP: 14/14
  6740 | D:4      | Killed a phantom
  6770 | D:4      | Splashed by an oklob sapling's acid

Action                   |  1- 3 |  4- 6 || total
-------------------------+-------+-------++-------
Melee: Dagger            |    44 |       ||    44
       Short sword       |    87 |   336 ||   423
Throw: Stone             |   272 |    53 ||   325
Evoke: Wand              |       |     9 ||     9
  Use: Scroll            |     9 |     4 ||    13
       Potion            |     1 |     3 ||     4
 Stab: Sleeping          |     1 |     5 ||     6
       Distracted        |       |     2 ||     2
       Confused          |       |     5 ||     5
  Eat: Royal jelly       |       |     2 ||     2
